 Dungeon Crawl Stone Soup version 0.29.1-14-g9c671dbff4 (webtiles) character file.

Game seed: 16205971338832123485

54 Ast3rio the Trooper (level 3, -1/33 HPs)
             Began as a Hill Orc Fighter on Feb 14, 2023.
             Slain by Crazy Yiuf
             ... wielding a +4 quarterstaff of chaos
              (3 damage)
             ... on level 2 of the Dungeon.
             The game lasted 00:02:55 (2160 turns).

Ast3rio the Trooper (Hill Orc Fighter)              Turns: 2160, Time: 00:02:56

Health: -1/33      AC:  7    Str: 20    XL:     3   Next: 91%
Magic:  3/3        EV:  9    Int:  8    God:
Gold:   136        SH:  4    Dex: 10    Spells: 2/2 levels left

rFire   . . .      SeeInvis .   e - +0 dagger (freeze)
rCold   . . .      Faith    .   c - +0 buckler
rNeg    . . .      Spirit   .   b - +0 scale mail
rPois   .          Reflect  .   (no helmet)
rElec   .          Harm     .   (no cloak)
rCorr   .          Rampage  .   (no gloves)
Will    .....                   (no boots)
Stlth   ..........              (no amulet)
HPRegen 0.11/turn               (no ring)
MPRegen 0.08/turn               (no ring)

@: no status effects
A: no striking features
a: no special abilities


You were on level 2 of the Dungeon.
You visited 1 branch of the dungeon, and saw 2 of its levels.

You collected 136 gold pieces.

Inventory:

Hand Weapons
 a - a +0 war axe
 e - a +0 dagger of freezing (weapon)
Armour
 b - a +0 scale mail (worn)
 c - a +0 buckler (worn)
Jewellery
 g - an amulet of guardian spirit
Scrolls
 h - a scroll of blinking {unknown}
 j - a scroll of butterflies {unknown}
 k - 4 scrolls of identify {unknown}
 l - a scroll of brand weapon {unknown}
 o - a scroll of immolation {unknown}
 q - 3 scrolls of teleportation {unknown}
 r - a scroll of poison {unknown}
Potions
 d - 2 potions of might
 f - a potion of attraction {unknown}
 i - 2 potions of degeneration {unknown}
 m - a potion of mutation {unknown}
 n - a potion of curing {unknown}
 p - a potion of berserk rage {unknown}
 s - a potion of brilliance {unknown}


   Skills:
 + Level 4.1 Fighting
 + Level 0.7 Short Blades
 + Level 2.7 Axes
 + Level 3.9 Armour
 + Level 0.3 Dodging
 + Level 4.0 Shields


You had 2 spell levels left.
You didn't know any spells.
Your spell library contained the following spells:

 Spells                   Type           Power      Damage    Failure   Level
 Ensorcelled Hibernation  Hex/Ice        0%         N/A       94%         2
 Passwall                 Tmut/Erth      0%         N/A       94%         2
 Swiftness                Air            0%         N/A       99%         3


Dungeon Overview and Level Annotations

Branches:
Dungeon (2/15)

Altars:

Annotations:
D:2 Crazy Yiuf


Message History

You closely miss the ball python. You block the ball python's attack.
The ball python constricts you.
You closely miss the ball python. You block the ball python's attack.
The ball python constricts you.
You closely miss the ball python.
The ball python bites you but does no damage.
The ball python constricts you.
You hit the ball python.
The ball python seems to slow down.
You freeze the ball python.
You kill the ball python!
No target in view!
You see here a frilled lizard skeleton.
Crazy Yiuf shouts!
You open the door.
Crazy Yiuf says, "Crazy?
Crazy!?
PORCUPINE!"
You hit Crazy Yiuf but do no damage.
Crazy Yiuf yells, "Snoogle ragdoll poople!"
Crazy Yiuf closely misses you.
You hit Crazy Yiuf. You freeze Crazy Yiuf.
Crazy Yiuf is lightly wounded.
Crazy Yiuf hits you with a +4 quarterstaff of chaos!
Crazy Yiuf freezes you.
You hit Crazy Yiuf but do no damage.
Crazy Yiuf is lightly wounded.
Crazy Yiuf drinks a potion.
Crazy Yiuf seems to speed up.
You closely miss Crazy Yiuf.
Crazy Yiuf is lightly wounded.
Crazy Yiuf says, "Cod Hive sanguine!"
You block Crazy Yiuf's attack.
Crazy Yiuf hits you with a +4 quarterstaff of chaos!
Crazy Yiuf burns you.
You hit Crazy Yiuf. You freeze Crazy Yiuf.
Crazy Yiuf is lightly wounded.
Crazy Yiuf hits you with a +4 quarterstaff of chaos!
* * * LOW HITPOINT WARNING * * *
You hit Crazy Yiuf but do no damage.
Crazy Yiuf is lightly wounded.
Crazy Yiuf grits, "Whiteboard!
Whippet pizzabubble horse."
Crazy Yiuf hits you with a +4 quarterstaff of chaos.
You die...

##### #...# #...######
#)..##.... ###### ###
#..†##.... ###....##
###..)# #...##....
#......P####@g...#
#.........
##.#......#..##...#
#.#######. ###..##....#.###
### #.# ##..
##...########## #.# #..#
...### #.# #.## .###
################.# #.#
.###### #..##...#........##
#.#
......###..##.#.#.#.......#
#.#
#####...#..##.....#..÷....#
#.#


You could see Crazy Yiuf (fast).

Vanquished Creatures
  6 ball pythons
  3 bats (D:1)
  3 endoplasms (D:1)
  A giant cockroach (D:1)
  6 goblins
  6 hobgoblins
  2 jackals (D:2)
  4 quokkas (D:1)
  3 frilled lizards
  7 kobolds
  5 rats
46 creatures vanquished.

Vanquished Creatures (others)
  A fungus (D:2)
1 creature vanquished.

Grand Total: 47 creatures vanquished

Notes
Turn   | Place    | Note
-------+----------+-------------------------------------------
     0 | D:1      | Ast3rio the Hill Orc Fighter began the quest for the Orb.
     0 | D:1      | Reached XP level 1. HP: 19/19 MP: 1/1
   138 | D:1      | Reached XP level 2. HP: 21/27 MP: 2/2
   675 | D:1      | Found a faded altar of an unknown god.
   733 | D:1      | Reached XP level 3. HP: 33/33 MP: 3/3
  1984 | D:2      | Found a runed translucent door.
  1985 | D:2      | Noticed Crazy Yiuf
  2159 | D:2      | HP: 1/33 [Crazy Yiuf/+4 quarterstaff of chaos (13)]
  2160 | D:2      | Slain by Crazy Yiuf

Illustrated notes

Levels and vault maps discovered:
D:1:      beargit_arrival_greenhouse, layout_basic,
          chequers_ecumenical_altar_simple_redux, dreamdust_wishing_well,
          minmay_cupped
D:2:      layout_rooms, uniq_crazy_yiuf_cottage

Skill      XL: |  1  2  3 |
---------------+----------+-----
Fighting       | 4 |  4.1
Shields        | 4 |  4.0
Short Blades   | |  0.7
Axes           | |  2.7
Armour         | |  3.9
Dodging        | |  0.3

Action                   || total
-------------------------++-------
Melee: Dagger            ||   209
Armor: Scale mail        ||    84
Dodge: Dodged            ||    83
Block: Buckler           ||    53
